 Dungeon Crawl Stone Soup version 0.26-a0-651-gb41185065b (webtiles) character file.

Game seed: 3073266842321422638

(classic levelgen) 6391 EnegeticOcto the Cleaver (level 10, -1/92 HPs)
             Began as a Deep Dwarf Fighter on Oct 17, 2020.
             Was a Follower of Makhleb.
             Killed from afar by an orc wizard (6 damage)
             ... with a magic dart
             ... on level 9 of the Dungeon.
             The game lasted 00:03:51 (5070 turns).

EnegeticOcto the Cleaver (Deep Dwarf Fighter)       Turns: 5070, Time: 00:03:52

Health: -1/92      AC: 16    Str: 23    XL:     10   Next: 66%
Magic:  8/18 (8)   EV: 25    Int: 14    God:    Makhleb [*.....]
Gold:   49         SH: 11    Dex: 12    Spells: 9/9 levels left

rFire    . . .     SeeInvis .   a - +0 war axe
rCold    . . .     Faith    .   c - +0 kite shield
rNeg     . . .     Spirit   .   k - +0 chain mail
rPois    .         Reflect  .   o - +3 hat of Pondering {ponderous, MR+ MP+10 Int+5}
rElec    .         Harm     .   C - +0 cloak
rCorr    .         Rampage  .   (no gloves)
MR       ++...                  x - +0 pair of boots
Stlth    ..........             B - amulet of the acrobat
HPRegen  0.00/turn              (no ring)
MPRegen  0.16/turn              l - +4 ring of evasion {=R}

@: acrobat, non-regenerating, drained, slow
A: damage resistance, heal wounds, sense surroundings 2, no regeneration
a: Heal Wounds, Renounce Religion


You were on level 9 of the Dungeon.
You worshipped Makhleb.
Makhleb was aware of your devotion.
You visited 2 branches of the dungeon, and saw 10 of its levels.

You collected 49 gold pieces.

Inventory:

Hand Weapons
 a - a +0 war axe (weapon)
Missiles
 d - a throwing net (quivered)
Armour
 c - a +0 kite shield (worn)
 k - a +0 chain mail (worn)
 o - the +3 hat of Pondering (worn) {ponderous, MR+ MP+10 Int+5}
   (You took it off Gastronok on level 8 of the Dungeon)

   It affects your intelligence (+5).
   It affects your resistance to hostile enchantments.
   It affects your magic capacity (+10).
 x - a +0 pair of boots (worn)
 C - a +0 cloak (worn)
Jewellery
 l - a +4 ring of evasion (right hand) {=R}
 B - an amulet of the acrobat (around neck)
Wands
 v - a wand of enslavement (4)
Scrolls
 b - 3 scrolls of immolation {unknown}
 f - 2 scrolls of fog {unknown}
 h - a scroll of enchant armour {unknown}
 j - 3 scrolls of remove curse {unknown}
 n - 4 scrolls of teleportation {unknown}
 p - 5 scrolls of blinking {unknown}
 r - 2 scrolls of magic mapping {unknown}
 s - a scroll of identify {unknown}
 t - a scroll of amnesia {unknown}
 y - a scroll of enchant weapon {unknown}
 D - a scroll of fear {unknown}
Potions
 e - 4 potions of curing {unknown}
 g - a potion of might {@q3}
 i - 2 potions of brilliance {unknown}
 m - a potion of cancellation {unknown}
 q - 4 potions of flight {unknown}
 u - 2 potions of stabbing {unknown}
 w - a potion of ambrosia {unknown}
 z - a potion of lignification {unknown}
 A - a potion of degeneration {unknown}


   Skills:
 + Level 6.9(6.1) Fighting
 * Level 10.9(10.1) Axes
 + Level 8.4(7.5) Armour
 + Level 8.4(7.5) Shields
 + Level 5.8(5.0) Invocations


You had 9 spell levels left.
You didn't know any spells.
Your spell library was empty.

Dungeon Overview and Level Annotations

Branches:
Dungeon (9/15)             Temple (1/1) D:7            Lair (0/6) D:9
    Orc: D:9-12

Altars:
Ashenzari
Cheibriados
Dithmenos
Elyvilon
Fedhas
Gozag
Hepliaklqana
Makhleb
Nemelex Xobeh
Okawaru
Qazlal
Ru
Sif Muna
Trog
Vehumet
Wu Jian
Xom
Yredelemnul
Zin

Shops:
D:8 !

Annotations:
D:4 3 runed translucent doors, loralnil's ghost, novice OpTm
D:9 Grum


Innate Abilities, Weirdness & Mutations

You are resistant to damage.
You can heal yourself by infusing magical energy.
You passively map the area around you.
You do not regenerate.


Message History

You feel drained. The orc priest barely misses you. The warg bites you!
* * * LOW HITPOINT WARNING * * *
The wight barely misses you. The orc hits you with a +0 trident.
The orc priest miscasts a cantrip.
The warg misses you.
You hit the orc.
The orc is heavily wounded.
Your transformation is almost over.
The orc priest closely misses you. The orc hits you.
The orc wizard completely misses you. The wight completely misses you.
The orc closely misses you. The warg misses you.
You feel much better. The orc priest misses you.
The orc wizard hits you with a +0 dagger.
The warg bites you. The wight closely misses you.
The orc priest casts a cantrip, but nothing happens.
The orc hits you with a +0 trident.
You are too injured to fight recklessly!
You are too injured to fight recklessly!
You are too injured to fight recklessly!
You are too injured to fight recklessly!
You are too injured to fight recklessly!
You are too injured to fight recklessly!
You are too injured to fight recklessly!
The orc priest completely misses you. The warg completely misses you.
The orc completely misses you. The orc wizard completely misses you.
The wight completely misses you. The orc completely misses you.
The warg closely misses you.
The orc priest mumbles some strange prayers to Beogh against you.
Beogh smites you!
* * * LOW HITPOINT WARNING * * *
The orc wizard gestures at you while chanting.
You resist with almost no effort. The wight completely misses you.
The orc priest miscasts a cantrip.
You hear a howl!
The warg completely misses you. The orc misses you. The orc priest hits you.
* * * LOW HITPOINT WARNING * * *
The orc wizard completely misses you.
A worker ant comes into view.
The wight completely misses you. The warg barely misses you.
The orc priest calls upon Beogh to heal the orc.
The orc's wounds heal themselves!
The orc completely misses you. The orc priest misses you.
The orc completely misses you. The warg bites you.
* * * LOW HITPOINT WARNING * * *
The orc wizard barely misses you. The wight closely misses you.
The orc closely misses you. The warg completely misses you.
The orc priest hits you. The orc completely misses you.
The orc wizard completely misses you. The wight completely misses you.
The warg completely misses you. The orc closely misses you.
The orc priest misses you. The orc completely misses you.
The orc wizard completely misses you.
The wight hits you with a cursed +4 short sword.
* * * LOW HITPOINT WARNING * * *
The warg completely misses you. The orc completely misses you.
The orc priest closely misses you.
The orc wizard mumbles some strange words.
The orc wizard flickers and vanishes!
Deactivating autopickup; reactivate with Ctrl-A.
The orc wizard hits you with a +0 dagger.
The warg barely misses you. The orc completely misses you.
The wight misses you.
Your transformation has ended.
Your +0 war axe unmelds from your body.
Your +0 cloak unmelds from your body.
The +3 hat of Pondering {ponderous, MR+ MP+10 Int+5} unmelds from your body.
Your +0 pair of boots unmelds from your body.
Your +0 kite shield unmelds from your body.
Your +0 chain mail unmelds from your body.
Your +4 ring of evasion {=R} unmelds from your body.
You feel rather ponderous. The orc misses you.
You block the orc priest's attack. You block the warg's attack.
The orc wizard barely misses you. The orc misses you.
You block the wight's attack. You block the warg's attack. The orc misses you.
Grum stares intently and grunts.
You block the orc priest's attack.
The orc wizard hits you but does no damage.
You block the orc's attack. The wight hits you but does no damage.
The warg completely misses you. The orc completely misses you.
The orc priest misses you.
The orc wizard points at you and mumbles some strange words.
The puff of flame hits you!
* * * LOW HITPOINT WARNING * * *
The warg completely misses you. The wight hits you but does no damage.
The orc barely misses you. The orc closely misses you.
The orc priest looks braver for a moment.
The warg completely misses you.
The orc wizard hits you but does no damage.
The orc priest calls down the wrath of Beogh upon you.
Beogh smites you!
* * * LOW HITPOINT WARNING * * *
You block the wight's attack. The orc completely misses you.
Unknown command.
An adder comes into view.
You block the orc's attack. The warg closely misses you.
The orc priest hits you but does no damage.
The orc wizard gestures at you while chanting.
The magic dart hits you!
You die... * ,,...# .# ,* ...........## ##.#* ,............## #.., , * ,.....>.......# #.# ,* ,.............# ####.# .......... #.###....# * #.....oo{ *#..#.#.#.# , **#..ooh####..S###o.#### , *, #lo@ooogo.##

##$.g.. ,*
*###ozzooo##
##.#.# * * ,
*#hzoo##.#
#.o#.# * ,
..aohO.#
#.#*#.#.o††
, ,
#..###.##
#.#.####.# ,
,,, #.. #.#*
*#.# #.# ,,
* #. *#.#
### #.# , ,,
,., ,... ,
*### ≈≈ ..
.# , * , ,,


You could see Grum, 3 wargs, a wyvern, an ogre, a worker ant, 3 wights, 3 orc
priests, an orc wizard, an adder (wandering) and 12 orcs.

Vanquished Creatures
  Gastronok (D:8)
  Erica (D:8)
  Maurice (D:8)
  Psyche (D:8)
  Maggie (D:7)
  Prince Ribbit (D:7)
  A wyvern (D:9)
  A water moccasin (D:8)
  Duvessa (D:7)
  2 orc warriors
  An ice beast (D:5)
  An ogre (D:6)
  2 centaurs
  4 wolves (D:9)
  A crocodile (D:8)
  A big kobold (D:8)
  2 bullfrogs
  Dowan (D:7)
  A wyvern skeleton (D:6)
  6 scorpions
  5 wights (D:8)
  A howler monkey (D:9)
  2 bullfrog zombies
  A quasit (D:5)
  An orc priest (D:9)
  4 hounds
  4 orc wizards
  A centaur skeleton (D:8)
  2 jellies
  A gnoll shaman (D:7)
  A bullfrog skeleton (D:7)
  2 iguanas
  Ijyb (D:5)
  5 worker ants
  A hound skeleton (D:6)
  14 gnolls
  12 adders
  A river rat (D:5)
  3 white imps
  An ufetubus (D:6)
  An ooze (D:1)
  An adder zombie (D:6)
  2 adder skeletons
  2 worms
  A dart slug (D:2)
  3 leopard geckos
  25 orcs
  3 bats
  10 giant cockroaches
  13 goblins
  5 hobgoblins
  3 jackals (D:1)
  12 kobolds
  2 quokkas
  2 ball pythons
  A ball python skeleton (D:5)
  6 frilled lizards
  A quokka skeleton (D:4)
  2 rats (D:1)
189 creatures vanquished.

Vanquished Creatures (others)
  2 plants
2 creatures vanquished.

Grand Total: 191 creatures vanquished

Notes
Turn   | Place    | Note
-------+----------+-------------------------------------------
     0 | D:1      | EnegeticOcto the Deep Dwarf Fighter began the quest for the
                  | Orb.
     0 | D:1      | Reached XP level 1. HP: 20/20 MP: 1/1
    28 | D:1      | Reached XP level 2. HP: 27/27 MP: 2/2
   103 | D:1      | Reached skill level 3 in Axes
   105 | D:1      | Reached XP level 3. HP: 29/33 MP: 3/3
   479 | D:2      | Reached XP level 4. HP: 23/42 MP: 4/4
   714 | D:4      | Reached skill level 4 in Axes
   714 | D:4      | Reached XP level 5. HP: 26/49 MP: 5/5
   777 | D:4      | Found an opulent altar of Gozag.
   965 | D:4      | Found a runed translucent gate.
   965 | D:4      | Found a runed translucent gate.
   965 | D:4      | Found a runed translucent gate.
   966 | D:4      | Noticed loralnil's ghost (novice OpTm)
  1016 | D:4      | Reached XP level 6. HP: 41/56 MP: 6/6
  1135 | D:4      | Reached skill level 5 in Axes
  1137 | D:4      | Identified the +2 leather armour of Keys {rC+ Str+2 Int+2}
  1173 | D:4      | Found a radiant altar of Vehumet.
  1271 | D:5      | Entered Level 5 of the Dungeon
  1434 | D:5      | Reached XP level 7. HP: 49/64 MP: 7/7
  1436 | D:5      | Found a blossoming altar of Fedhas.
  1450 | D:5      | Reached skill level 5 in Armour
  1450 | D:5      | Reached skill level 5 in Shields
  1532 | D:5      | Noticed Ijyb
  1555 | D:5      | Killed Ijyb
  1557 | D:5      | Reached skill level 6 in Axes
  2350 | D:6      | Reached XP level 8. HP: 38/73 MP: 7/7
  2729 | D:6      | Found an ornate altar of the Wu Jian Council.
  2788 | D:6      | Reached skill level 7 in Axes
  2990 | D:7      | Noticed Dowan
  2991 | D:7      | Noticed Duvessa
  3009 | D:7      | Killed Duvessa
  3014 | D:7      | Killed Dowan
  3014 | D:7      | Reached skill level 5 in Fighting
  3060 | D:7      | Noticed Prince Ribbit
  3086 | D:7      | Killed Prince Ribbit
  3086 | D:7      | Reached skill level 8 in Axes
  3122 | D:7      | Found a staircase to the Ecumenical Temple.
  3127 | D:7      | Noticed Maggie
  3168 | D:7      | Killed Maggie
  3168 | D:7      | Gained mutation: You passively map the area around you.
                  | [Deep Dwarf growth]
  3168 | D:7      | Reached XP level 9. HP: 62/81 MP: 6/6
  3173 | Temple   | Entered the Ecumenical Temple
  3235 | Temple   | Became a worshipper of Makhleb the Destroyer
  3736 | D:7      | Reached skill level 1 in Invocations
  3748 | D:7      | Found a white marble altar of Elyvilon.
  3857 | D:8      | Noticed Gastronok
  3889 | D:8      | Killed Gastronok
  3889 | D:8      | Reached skill level 9 in Axes
  4010 | D:8      | Noticed Psyche
  4013 | D:8      | Reached XP level 10. HP: 53/91 MP: 9/9
  4019 | D:8      | Noticed Erica
  4031 | D:8      | Killed Psyche
  4031 | D:8      | Reached skill level 10 in Axes
  4039 | D:8      | Killed Erica
  4114 | D:8      | Reached skill level 5 in Invocations
  4116 | D:8      | Reached * piety under Makhleb
  4202 | D:8      | Found Puwomuih's Distillery.
  4301 | D:8      | Noticed Maurice
  4666 | D:8      | Killed Maurice
  4699 | D:8      | Found Puwomuih's Distillery.
  5002 | D:9      | Noticed Grum
  5053 | D:9      | Found a staircase to the Lair.
  5070 | D:9      | Killed from afar by an orc wizard

Illustrated notes

Levels and vault maps discovered:
D:1:      tarquinn_simple_flora_water_d, layout_rooms, minmay_distorted
D:2:      layout_loops_ring, minmay_unequal
D:3:      layout_basic
D:4:      layout_loops_cross, nicolae_gozag_seed_capital, lemuel_round_altar,
          gammafunk_ghost_split
D:5:      layout_loops_ring, overflow_temple_1_default, gup_sewer_entry_bubbles,
          guppyfry_early_lair_pool, uniq_ijyb
D:6:      layout_loops_corners, overflow_temple_1_default,
          kennysheep_generic_room_16
D:7:      layout_loops_ring, marbit_many_paths, minmay_temple_entry_junction,
          uniq_maggie, uniq_prince_ribbit1, uniq_duvessa
D:8:      layout_basic, serial_shops, shop, uniq_psyche, uniq_maurice,
          uniq_gastronok, uniq_erica
D:9:      layout_loops_ring, kennysheep_mini_moat, erik_lair_orcish_takeover,
          special_room [special_room_orc], uniq_grum
Temple:   kb_temple_of_zot

Skill      XL: |  1  2  3  4  5  6  7  8  9 10 |
---------------+-------------------------------+-----
Axes           | 3 4 5 6 8 9 10 | 10.9
Fighting       | 3 4 5 6 |  6.9
Shields        | 4 5 6 7 8 |  8.4
Armour         | 4 5 6 7 8 |  8.4
Invocations    | 4 5 |  5.8

Action                   |  1- 3 |  4- 6 |  7- 9 | 10-12 || total
-------------------------+-------+-------+-------+-------++-------
Melee: War axe           |    93 |   201 |   344 |   151 ||   789
       Unarmed           |       |       |       |     2 ||     2
 Abil: Heal Wounds       |       |     4 |    15 |     9 ||    28
  Use: Potion            |       |       |     1 |       ||     1
Armor: Scale mail        |    20 |       |       |       ||    20
       Chain mail        |    13 |    93 |   140 |    95 ||   341
Dodge: Dodged            |    25 |    98 |   156 |   137 ||   416
Block: Kite shield       |    52 |   114 |   197 |   124 ||   487

Table legend: (Time is in decaauts)
 A = Elapsed time spent in this place.
 B = Non-inter-level travel time spent in this place.
 C = Inter-level travel time spent in this place.
 D = Time resting spent in this place.
 E = Time spent auto-exploring this place.
 F = Levels seen in this place.
 G = Mean time per level.
                   A        B        C        D        E       F      G
               +--------+--------+--------+--------+--------+-----+--------+
         Total |   5339 |   5099 |    240 |      0 |   3535 |  10 |  533.9 |
       Dungeon |   5243 |   5035 |    208 |      0 |   3480 |   9 |  582.6 |
        Temple |     95 |     63 |     32 |      0 |     55 |   1 |   95.0 |
               +--------+--------+--------+--------+--------+-----+--------+

Top non-repeatable levels by time:
     D:8: 1263 daAuts
     D:6: 893 daAuts
     D:5: 858 daAuts
     D:7: 810 daAuts
     D:4: 661 daAuts
     D:1: 339 daAuts
     D:2: 218 daAuts
     D:3: 134 daAuts
  Temple: 95 daAuts
     D:9: 63 daAuts
